 Dungeon Crawl Stone Soup version 0.21-a0-193-g085b6a0 (webtiles) character file.

2296 MackTheKnife the Slicer (level 9, -2/50 HPs)
             Began as a Vine Stalker Fighter on Aug 14, 2017.
             Was an Initiate of Gozag.
             Killed from afar by an electric eel (11 damage)
             ... with a bolt of electricity
             ... on level 7 of the Dungeon.
             The game lasted 00:08:34 (5161 turns).

MackTheKnife the Slicer (Vine Stalker Fighter)      Turns: 5161, Time: 00:08:35

Health: -2/50      AC:  9    Str: 21    XL:     9   Next: 40%
Magic:  0/10       EV:  7    Int:  8    God:    Gozag
Gold:   1146       SH:  9    Dex: 15    Spells: 8/8 levels left

rFire    + . .     SeeInvis .   a - +3 short sword (elec)
rCold    . . .     Gourm    .   c - +0 shield
rNeg     . . .     Faith    .   b - +0 scale mail
rPois    .         Spirit   +   v - +0 helmet
rElec    .         Reflect  .   (no cloak)
rCorr    .         Harm     .   g - +1 pair of gloves
MR       +....                  (no boots)
Stlth    ..........             n - amulet of rage {+Rage, !d}
HPRegen  0.56/turn              E - ring of protection from fire {rF+, !d}
MPRegen  0.12/turn              d - ring of wizardry {Wiz+, !d}

@: no status effects
A: fangs 3, regeneration 1, magic shield, antimagic bite, no potion heal 3, rot
immunity
a: Potion Petition, Call Merchant, Bribe Branch, Renounce Religion, Evoke
Berserk Rage


You were on level 7 of the Dungeon.
You worshipped Gozag.
Gozag was most pleased with you.
You were not hungry.

You visited 1 branch of the dungeon, and saw 7 of its levels.

You collected 1193 gold pieces.
You paid 47 gold pieces to Gozag.

Inventory:

Hand Weapons
 a - a +3 short sword of electrocution (weapon)
   (You took it off a kobold on level 3 of the Dungeon)
 K - a +0 double sword
   (You found it on level 5 of the Dungeon)
Armour
 b - a +0 scale mail (worn)
 c - a +0 shield (worn)
 g - a +1 pair of gloves (worn)
   (You found it on level 5 of the Dungeon)
 v - a +0 helmet (worn)
   (You took it off Robin on level 3 of the Dungeon)
Jewellery
 d - a ring of wizardry (right hand) {Wiz+, !d}
   (You found it on level 5 of the Dungeon)
 n - an amulet of rage (around neck) {+Rage, !d}
   (You found it on level 1 of the Dungeon)
 E - a ring of protection from fire (left hand) {rF+, !d}
   (You found it on level 4 of the Dungeon)
Wands
 x - a wand of disintegration (16/24)
   (You found it on level 3 of the Dungeon)
Scrolls
 t - 2 scrolls of teleportation
 u - 5 scrolls of remove curse
 y - a scroll of fog
 C - a scroll of recharging
 D - 2 scrolls of amnesia
Potions
 i - a potion of invisibility {unknown}
 l - 2 potions of lignification {unknown}
 m - 2 potions of mutation {!q}
 o - 3 potions of resistance
 q - a potion of cancellation {unknown}
 r - 3 potions of brilliance
 s - 3 potions of curing
 z - a potion of flight {unknown}
 G - a potion of haste {unknown}
Comestibles
 f - 5 bread rations {@e1}
 h - 2 royal jellies
 j - 7 meat rations {@e2}
 J - 4 fruits


   Skills:
 - Level 7.5 Fighting
 - Level 8.8 Short Blades
 - Level 2.4 Armour
 + Level 3.1 Shields


You had 8 spell levels left.
You didn't know any spells.

Dungeon Overview and Level Annotations

Branches:
Dungeon (7/15)             Temple (0/1) D:5

Altars:
Ashenzari
Elyvilon
Fedhas
Gozag
Hepliaklqana
Nemelex Xobeh
Okawaru
Sif Muna
Uskayaw
Vehumet
Wu Jian
Yredelemnul
The Shining One


Innate Abilities, Weirdness & Mutations

You have razor-sharp teeth.
Your natural rate of healing is unusually fast.
When hurt, damage is shared between your health and your magic reserves.
Your bite disrupts and absorbs the magic of your enemies.
Potions cannot restore your health.
You are immune to rotting.


Message History

The kobold splashes around in the water.
Something hits the plant but does no damage.
You enter the shallow water.
Moving in this stuff is going to be slow.
The kobold splashes around in the water.
The kobold splashes around in the water.
You hear a splashing noise.
The kobold hits the plant but does no damage.
Something hits the plant but does no damage.
The kobold hits something with a short sword.
You enter the shallow water.
Moving in this stuff is going to be slow.
You closely miss the big kobold. You bite the big kobold. You drain its power.
Your unstable footing causes you to fumble your attack.
The kobold throws a stone.
You block the stone.
The kobold throws a stone.
The stone barely misses you.
The big kobold throws a stone.
The stone barely misses you.
You see here 2 stones.
You enter the shallow water.
Moving in this stuff is going to be slow.
The big kobold splashes around in the water.
The big kobold hits you with a short sword.
You take 4 damage, and have 46/50 hp.
Your unstable footing causes you to fumble your attack.
Your unstable footing causes you to fumble your attack.
You block the big kobold's attack. You block the kobold's attack.
You see here 2 stones.
You puncture the kobold!
You kill the kobold!
You enter the shallow water.
Moving in this stuff is going to be slow.
The kobold completely misses you. You block the kobold's attack.
You see here 8 gold pieces.
You hit the big kobold.
The big kobold splashes around in the water.
You hit the big kobold. Your bite misses the big kobold.
The kobold barely misses you.
The big kobold hits you with a short sword.
You take 1 damage, and have 48/50 hp.
You closely miss the big kobold. The kobold barely misses you.
The big kobold hits you but does no damage.
You puncture the big kobold! You bite the big kobold. You drain its power.
The kobold throws a stone.
You block the stone.
You see here 3 stones.
Health restored: 50 You puncture the big kobold!
You kill the big kobold!
You hear a splash.
Your Shields skill increases to level 3!
The kobold throws a stone.
You block the stone.
You enter the shallow water.
Moving in this stuff is going to be slow.
You block the kobold's attack. The kobold hits you but does no damage.
Your unstable footing causes you to fumble your attack.
The kobold hits you but does no damage.
You puncture the kobold!
You kill the kobold!
You hear a splash. x2
No target in view!
No target in view!
No target in view!
You now have 1141 gold pieces (gained 13).
You see here a short sword.
You now have 1146 gold pieces (gained 5).
Things that are here:
a short sword; 2 stones An electric eel comes into view.
The electric eel shoots out a bolt of lightning at you!
The bolt of electricity hits the plant. x2; The bolt of electricity hits you!
An electric eel is nearby!
An electric eel is nearby!
You take 2 damage, and have 48/50 hp.
You now have 9/10 mp.
Unknown command.
The electric eel shoots out a bolt of lightning at you!
The bolt of electricity hits the plant. x2; The bolt of electricity hits you!
You take 8 damage, and have 41/50 hp.
You now have 7/10 mp.
The electric eel shoots out a bolt of lightning at you!
The bolt of electricity hits you! x2
You take 16 damage, and have 29/50 hp.
MASSIVE DAMAGE!!
You now have 5/10 mp.
You hit the electric eel but do no damage.
Your bite misses the electric eel. You puncture the electric eel!
You hit the electric eel. Your bite misses the electric eel.
You closely miss the electric eel. You bite the electric eel.
You drain its power.
You feel invigorated.
The electric eel shoots out a bolt of lightning at you!
The bolt of electricity hits you! x2
You take 14 damage, and have 17/50 hp.
MASSIVE DAMAGE!!
You miss the electric eel. You barely miss the electric eel.
Your bite misses the electric eel.
The electric eel shoots out a bolt of lightning at you!
The bolt of electricity hits you!
* * * LOW HITPOINT WARNING * * *
The bolt of electricity hits you!
You die...
Your body crumbles into a pile of gold.

.. ≈≈≈≈≈≈≈≈≈≈≈≈P≈)# #.
≈≈≈≈≈≈≈≈≈≈≈≈♣≈.#
###.#♣♣≈P≈≈≈≈≈≈≈P≈≈≈..
....≈♣≈≈≈≈≈≈≈≈≈≈P≈###
#...P≈≈≈P≈≈≈PP≈≈≈
#...≈≈PP♣≈≈≈≈♣≈≈≈
#...♣≈≈≈≈≈≈♣P≈≈♣P
#...;≈≈≈≈≈≈P≈≈♣≈. #
#..@.♣)P≈≈≈≈PP≈≈
...###..#.≈)≈≈≈≈≈≈♣P♣
........#((♣♣♣PPP≈♣.#
.#.###..##...≈♣≈♣♣#.#.#
#..######≈≈≈.#.#.# #
#..# ####.#.#.# # ...#
#######.#.#.### .....
............... $#....#
##.####.#.#.##.


You could see an electric eel.

Vanquished Creatures
  A hippogriff (D:7)
  Duvessa (D:5)
  A sky beast (D:6)
  An ice beast (D:6)
  3 ogres
  2 centaurs
  A big kobold (D:7)
  Dowan (D:5)
  A scorpion (D:7)
  2 electric eels (D:7)
  A crimson imp (D:6)
  A centaur zombie (D:5)
  A jelly (D:6)
  5 orc priests
  2 centaur skeletons (D:5)
  3 hounds
  Terence (D:3)
  13 orc wizards
  4 worker ants
  A hound skeleton (D:6)
  A worker ant zombie (D:5)
  Robin (D:3)
  4 gnolls
  6 adders
  A worm (D:2)
  3 dart slugs
  13 leopard geckos
  37 orcs
  7 bats
  6 giant cockroaches
  17 goblins
  14 hobgoblins
  4 jackals (D:6)
  3 quokkas
  4 frilled lizards
  9 kobolds
  3 rats
179 creatures vanquished.

Notes
Turn   | Place    | Note
-------+----------+-------------------------------------------
     0 | D:1      | MackTheKnife the Vine Stalker Fighter began the quest for the Orb.
     0 | D:1      | Reached XP level 1. HP: 11/11 MP: 2/2
    56 | D:1      | Reached skill level 2 in Short Blades
   140 | D:1      | Reached XP level 2. HP: 16/16 MP: 3/3
   592 | D:1      | Reached skill level 3 in Short Blades
   619 | D:2      | Reached XP level 3. HP: 16/19 MP: 4/4
   662 | D:2      | Found a blossoming altar of Fedhas.
   768 | D:2      | Gained mutation: Your natural rate of healing is unusually fast. [Vine Stalker growth]
   768 | D:2      | Reached XP level 4. HP: 16/23 MP: 5/5
   927 | D:2      | Reached skill level 4 in Short Blades
  1183 | D:3      | Noticed Terence
  1198 | D:3      | Killed Terence
  1240 | D:3      | Noticed Robin
  1254 | D:3      | Reached XP level 5. HP: 27/27 MP: 6/6
  1263 | D:3      | Killed Robin
  1330 | D:3      | Reached skill level 5 in Short Blades
  1349 | D:3      | Found an opulent altar of Gozag.
  1365 | D:3      | Found a white marble altar of Elyvilon.
  1365 | D:3      | Found a radiant altar of Vehumet.
  1367 | D:3      | Found a sparkling altar of Nemelex Xobeh.
  1373 | D:3      | Became a worshipper of Gozag Ym Sagoz the Greedy
  1381 | D:3      | Found a shattered altar of Ashenzari.
  1522 | D:3      | Reached XP level 6. HP: 25/32 MP: 5/7
  1670 | D:3      | Found a blossoming altar of Fedhas.
  1670 | D:3      | Found a hazy altar of Hepliaklqana.
  1994 | D:4      | Noticed a dagger
  1995 | D:4      | Found a hide-covered altar of Uskayaw.
  1995 | D:4      | Noticed a dagger
  2100 | D:4      | Reached skill level 6 in Short Blades
  2236 | D:4      | HP: 7/32 [orc wizard/dagger of speed (4)]
  2239 | D:4      | HP: 2/32 [worker ant (3)]
  2246 | D:4      | HP: 3/32 [poisoned by a worker ant]
  2248 | D:4      | Reached XP level 7. HP: 4/35 MP: 5/8
  2251 | D:4      | HP: 5/35 [poisoned by a worker ant]
  2671 | D:4      | Reached skill level 7 in Short Blades
  2776 | D:4      | Found an iron altar of Okawaru.
  3077 | D:5      | Entered Level 5 of the Dungeon
  3117 | D:5      | Found a basalt altar of Yredelemnul.
  3117 | D:5      | Found a deep blue altar of Sif Muna.
  3134 | D:5      | Found a staircase to the Ecumenical Temple.
  3200 | D:5      | Noticed Duvessa
  3200 | D:5      | Noticed Dowan
  3210 | D:5      | Killed Duvessa
  3219 | D:5      | Reached skill level 8 in Short Blades
  3225 | D:5      | Killed Dowan
  3225 | D:5      | Gained mutation: You have razor-sharp teeth. [Vine Stalker growth]
  3225 | D:5      | Reached XP level 8. HP: 34/39 MP: 6/9
  3326 | D:5      | Reached skill level 3 in Fighting
  3394 | D:5      | Found an ornate altar of the Wu Jian Council.
  3498 | D:5      | Found a glowing golden altar of the Shining One.
  3885 | D:6      | Reached skill level 4 in Fighting
  4000 | D:6      | Reached skill level 5 in Fighting
  4231 | D:6      | Reached skill level 6 in Fighting
  4487 | D:6      | Reached XP level 9. HP: 42/49 MP: 10/10
  4770 | D:7      | Reached skill level 7 in Fighting
  5136 | D:7      | Reached skill level 3 in Shields
  5161 | D:7      | HP: 9/50 [electric eel/bolt of electricity (9)]
  5161 | D:7      | Killed from afar by an electric eel

Vault maps used:
D:1:      tarquinn_simple_flora_water_a
D:2:      lemuel_tele_altar
D:3:      minitemple, gammafunk_temple_overflow_pools, first_bread, uniq_robin,
          uniq_terence
D:4:      okawaru_altar_gauntlet_db, dancing_weapons_uskayaw, glass_columns_a
D:5:      nicolae_tso_swordbearing_angel, kennysheep_mini,
          nicolae_overflow_hidden_temple, minmay_temple_entry_glassed_door,
          serial_park_tiny_2, lemuel_flame_loot_1, uniq_duvessa
D:7:      basic_altar, serial_bayou, serial_bayou_pond_d, serial_bayou_lake_a,
          serial_bayou_pond_e, serial_bayou_crossing, grunt_ogre_cave

Skill      XL: |  1  2  3  4  5  6  7  8  9 |
---------------+----------------------------+-----
Short Blades   | 2 3 4 5 6 8 |  8.8
Fighting       | 6 7 |  7.5
Shields        | 3 |  3.1
Armour         | |  2.4

Action                   |  1- 3 |  4- 6 |  7- 9 || total
-------------------------+-------+-------+-------++-------
Melee: Rapier            |    76 |     1 |       ||    77
       Bite              |    15 |    33 |    81 ||   129
       Short sword       |       |   108 |   265 ||   373
       Dagger            |       |    12 |       ||    12
Throw: Javelin           |    22 |    39 |    13 ||    74
Evoke: Wand              |       |     2 |     5 ||     7
  Use: Potion            |       |     1 |       ||     1
       Scroll            |       |       |    17 ||    17
 Stab: Distracted        |       |     1 |     2 ||     3
  Eat: Chunk             |       |     1 |       ||     1
       Meat ration       |       |     1 |       ||     1
       Bread ration      |       |       |     2 ||     2
Armor: Scale mail        |    23 |    28 |    66 ||   117
Dodge: Dodged            |    13 |    34 |    48 ||    95
Block: Shield            |    24 |    38 |    84 ||   146

Vault maps used:
D:1:      tarquinn_simple_flora_water_a
D:2:      lemuel_tele_altar
D:3:      minitemple, gammafunk_temple_overflow_pools, first_bread, uniq_robin,
          uniq_terence
D:4:      okawaru_altar_gauntlet_db, dancing_weapons_uskayaw, glass_columns_a
D:5:      nicolae_tso_swordbearing_angel, kennysheep_mini,
          nicolae_overflow_hidden_temple, minmay_temple_entry_glassed_door,
          serial_park_tiny_2, lemuel_flame_loot_1, uniq_duvessa
D:7:      basic_altar, serial_bayou, serial_bayou_pond_d, serial_bayou_lake_a,
          serial_bayou_pond_e, serial_bayou_crossing, grunt_ogre_cave

Table legend:
 A = Turns spent in this place as a percentage of turns spent in the entire game.
 B = Non-inter-level travel turns spent in this place as a percentage of non-inter-level travel turns spent in the entire game.
 C = Inter-level travel turns spent in this place as a percentage of turns spent in this place.
 D = Turns resting spent in this place as a percentage of non-inter-level travel turns spent in this place.
 E = Turns spent auto-exploring this place as a percentage of non-inter-level travel turns spent in this place.
 F = Non-inter-level travel turns spent in this place divided by the number of levels of this place that you've seen.
                   A       B       C       D       E      F
               +-------+-------+-------+-------+-------+----------------------
         Total | 100.0 | 100.0 |   0.5 |   1.3 |  12.3 | 228.1
       Dungeon | 100.0 | 100.0 |   0.5 |   1.3 |  12.3 | 228.1
               +-------+-------+-------+-------+-------+----------------------

Table legend:
 A = Kills in this place as a percentage of kills in entire the game.
 B = Kills by you in this place as a percentage of kills by you in the entire game.
 C = Kills by friends in this place as a percentage of kills by friends in the entire game.
 D = Other kills in this place as a percentage of other kills in the entire game.
 E = Experience gained in this place as a percentage of experience gained in the entire game.
 F = Experience gained in this place divided by the number of levels of this place that you have seen.
                   A       B       C       D       E      F
               +-------+-------+-------+-------+-------+----------------------
         Total | 100.0 | 100.0 |  -nan |  -nan | 100.0 | 468.6
       Dungeon | 100.0 | 100.0 |  -nan |  -nan | 100.0 | 468.6
               +-------+-------+-------+-------+-------+----------------------
